General information
- name: BNet
- type: Ladder team game (AT/RT)
- host: Battle.net
- saver: SpunkBlaster
map: Battleground
- players: 8
- length: 44:29
- speed: Fast
- version: 1.26 W3XP
- replay type: Public
» download(206 KB)
Players
team 1 (loser)
Sleep (
teal | 45 APM | 689 actions | 15:26)
4 Blademaster
2 Critical Strike
2 Wind Walk
1 Shadow Hunter
1 Hex
» actions
| Assign group hotkey | 2 | |
| Basic commands | 58 | |
| Build / train | 35 | |
| Enter build submenu | 16 | |
| Enter hero's abilities submenu | 5 | |
| Give item / drop item | 2 | |
| Remove unit from queue | 1 | |
| Right click | 304 | |
| Select / deselect | 212 | |
| Select group hotkey | 2 | |
| Use ability | 52 | |
689 total
» units
| Peon | 6 | |
| Grunt | 3 | |
| Wind Rider | 3 | |
| Troll Batrider | 1 | |
13 total
» upgrades
| Armor | 1 | |
| Reinforced Defenses | 1 | |
2 total
» buildings
| Barracks | 1 | |
| Orc Burrow | 9 | |
| Altar of Storms | 1 | |
| Voodoo Lounge | 1 | |
| Stronghold | 1 | |
| War Mill | 1 | |
| Beastiary | 2 | |
| Fortress | 1 | |
17 total
» build order
00:12 Barracks
00:20 Orc Burrow
00:28 Altar of Storms
01:32 Orc Burrow
02:01 Voodoo Lounge
02:49 Orc Burrow
04:10 Stronghold
04:15 War Mill
04:20 Orc Burrow
05:22 Orc Burrow
05:45 Orc Burrow
06:41 Beastiary
07:44 Beastiary
10:09 Fortress
13:05 Orc Burrow
14:20 Orc Burrow
14:23 Orc Burrow
» items
| Healing Salve | 6 | |
| Staff of Teleportation | 1 | |
| Scroll of Town Portal | 2 | |
| Potion of Healing | 1 | |
10 total
garfads (
pink | 32 APM | 1428 actions | 44:29)
5 Mountain King
2 Storm Bolt
3 Bash
1 Blademaster
1 Bladestorm
» actions
| Assign group hotkey | 32 | |
| Basic commands | 48 | |
| Build / train | 75 | |
| Enter build submenu | 20 | |
| Enter hero's abilities submenu | 6 | |
| Give item / drop item | 6 | |
| Remove unit from queue | 1 | |
| Right click | 588 | |
| Select / deselect | 248 | |
| Select group hotkey | 305 | |
| Use ability | 99 | |
1428 total
» units
| Peasant | 10 | |
| Gryphon Rider | 9 | |
| Peon | 11 | |
30 total
» upgrades
| Masonry | 2 | |
| Lumber Harvesting | 1 | |
| Animal War Training | 1 | |
| Swords | 1 | |
| Armor | 1 | |
| Storm Hammers | 1 | |
| Cloud | 1 | |
8 total
» buildings
| Altar of Kings | 1 | |
| Farm | 8 | |
| Scout Tower | 14 | |
| Arcane Vault | 1 | |
| Arcane Tower | 3 | |
| Lumber Mill | 1 | |
| Keep | 1 | |
| Blacksmith | 1 | |
| Barracks | 1 | |
| Guard Tower | 7 | |
| Castle | 4 | |
| Gryphon Aviary | 2 | |
| Watch Tower | 10 | |
54 total
» build order
00:10 Altar of Kings
00:23 Farm
01:06 Scout Tower
01:18 Arcane Vault
01:33 Farm
01:35 Arcane Tower
01:36 Arcane Tower
01:46 Lumber Mill
02:39 Keep
02:54 Blacksmith
03:36 Scout Tower
03:37 Scout Tower
03:41 Scout Tower
03:41 Scout Tower
03:55 Barracks
04:44 Guard Tower
05:15 Castle
05:15 Castle
05:16 Castle
05:47 Guard Tower
05:47 Guard Tower
06:15 Gryphon Aviary
06:43 Gryphon Aviary
07:16 Farm
07:16 Farm
07:17 Farm
08:37 Farm
08:38 Farm
08:38 Farm
14:48 Guard Tower
15:27 Scout Tower
15:27 Scout Tower
15:27 Scout Tower
15:28 Scout Tower
15:28 Scout Tower
15:29 Scout Tower
16:39 Guard Tower
16:40 Guard Tower
16:57 Scout Tower
16:57 Scout Tower
16:57 Scout Tower
20:06 Watch Tower
20:06 Watch Tower
20:07 Watch Tower
20:08 Watch Tower
20:09 Watch Tower
20:09 Watch Tower
20:28 Watch Tower
20:28 Watch Tower
22:00 Watch Tower
22:00 Watch Tower
» items
| Staff of Teleportation | 1 | |
| Ivory Tower | 5 | |
| Scroll of Town Portal | 7 | |
13 total
masterofsex (
purple | 45 APM | 781 actions | 17:24)
5 Blademaster
3 Wind Walk
2 Critical Strike
» actions
| Basic commands | 39 | |
| Build / train | 55 | |
| Enter build submenu | 20 | |
| Enter hero's abilities submenu | 5 | |
| Give item / drop item | 1 | |
| Remove unit from queue | 4 | |
| Right click | 349 | |
| Select / deselect | 249 | |
| Use ability | 59 | |
781 total
» units
| Peon | 12 | |
| Grunt | 6 | |
| Raider | 3 | |
| Troll Batrider | 5 | |
26 total
» upgrades
| Melee Weapons | 2 | |
| Pillage | 1 | |
| Armor | 2 | |
| Berserker Strength | 1 | |
| Ranged Weapons | 2 | |
| Ensnare | 1 | |
| Reinforced Defenses | 1 | |
10 total
» buildings
| Altar of Storms | 1 | |
| Orc Burrow | 4 | |
| Barracks | 1 | |
| War Mill | 2 | |
| Voodoo Lounge | 1 | |
| Watch Tower | 7 | |
| Stronghold | 1 | |
| Fortress | 1 | |
| Beastiary | 1 | |
19 total
» build order
00:16 Altar of Storms
00:21 Orc Burrow
00:48 Orc Burrow
01:52 Barracks
02:06 War Mill
02:23 Voodoo Lounge
04:01 Watch Tower
04:05 Orc Burrow
04:45 Stronghold
05:24 Watch Tower
06:30 Watch Tower
07:13 Fortress
07:20 Beastiary
08:34 Watch Tower
08:45 Orc Burrow
09:54 War Mill
11:40 Watch Tower
13:22 Watch Tower
13:29 Watch Tower
» items
| Healing Salve | 3 | |
| Scroll of Town Portal | 1 | |
| Scroll of Speed | 1 | |
| Boots of Speed | 1 | |
| Orb of Lightning | 1 | |
| Potion of Healing | 1 | |
8 total

»
faast (
yellow | 39 APM | 742 actions | 19:11)
3 Archmage
1 Summon Water Elemental
2 Brilliance Aura
1 Mountain King
1 Storm Bolt
» actions
| Basic commands | 14 | |
| Build / train | 56 | |
| Enter build submenu | 23 | |
| Enter hero's abilities submenu | 4 | |
| Remove unit from queue | 1 | |
| Right click | 254 | |
| Select / deselect | 339 | |
| Use ability | 51 | |
742 total
» units
| Peasant | 10 | |
| Footman | 6 | |
| Rifleman | 2 | |
| Priest | 3 | |
| Knight | 4 | |
| Siege Engine | 2 | |
27 total
» upgrades
| Swords | 2 | |
| Lumber Harvesting | 2 | |
| Masonry | 2 | |
| Plating | 2 | |
| Priest Training | 1 | |
| Magic Sentry | 1 | |
| Fragmentation Shards | 1 | |
| Barrage | 1 | |
12 total
» buildings
| Altar of Kings | 1 | |
| Barracks | 1 | |
| Farm | 9 | |
| Scout Tower | 8 | |
| Keep | 1 | |
| Arcane Tower | 4 | |
| Blacksmith | 1 | |
| Lumber Mill | 1 | |
| Arcane Vault | 1 | |
| Guard Tower | 2 | |
| Castle | 1 | |
| Arcane Sanctum | 1 | |
| Workshop | 1 | |
| Town Hall | 1 | |
33 total
» build order
00:14 Altar of Kings
00:17 Barracks
00:32 Farm
01:02 Farm
01:47 Farm
02:24 Farm
02:38 Scout Tower
03:41 Keep
03:58 Arcane Tower
04:00 Scout Tower
04:06 Blacksmith
04:12 Lumber Mill
05:18 Arcane Vault
05:19 Guard Tower
06:17 Farm
06:17 Farm
06:18 Farm
06:41 Farm
07:00 Castle
08:20 Arcane Sanctum
10:47 Workshop
11:02 Scout Tower
11:41 Scout Tower
12:17 Arcane Tower
12:33 Scout Tower
12:45 Scout Tower
13:14 Farm
13:43 Town Hall
13:48 Arcane Tower
14:01 Arcane Tower
15:17 Scout Tower
15:52 Guard Tower
15:54 Scout Tower
» items
| Orb of Fire | 1 | |
| Scroll of Town Portal | 1 | |
| Potion of Healing | 1 | |
3 total
team 2 (winner)

»
roflcopter. (
green | 30 APM | 891 actions | 30:07)
6 Pit Lord
3 Cleaving Attack
2 Howl of Terror
1 Doom
» actions
| Assign group hotkey | 13 | |
| Basic commands | 1 | |
| Build / train | 61 | |
| Enter build submenu | 15 | |
| Enter hero's abilities submenu | 6 | |
| Remove unit from queue | 3 | |
| Right click | 319 | |
| Select / deselect | 163 | |
| Select group hotkey | 268 | |
| Use ability | 42 | |
891 total
» units
| Acolyte | 12 | |
| Crypt Fiend | 10 | |
| Ghoul | 3 | |
| Forest Troll Shadow Priest | 1 | |
26 total
» upgrades
| Creature Attack | 4 | |
| Creature Carapace | 2 | |
| Web | 1 | |
| Burrow | 1 | |
8 total
» buildings
| Altar of Darkness | 1 | |
| Ziggurat | 7 | |
| Graveyard | 1 | |
| Crypt | 3 | |
| Tomb of Relics | 1 | |
| Nerubian Tower | 2 | |
| Halls of the Dead | 2 | |
| Black Citadel | 2 | |
| Sacrificial Pit | 1 | |
| Spirit Tower | 1 | |
21 total
» build order
00:16 Altar of Darkness
00:20 Ziggurat
00:47 Graveyard
00:58 Crypt
01:24 Tomb of Relics
02:17 Ziggurat
02:30 Nerubian Tower
02:31 Nerubian Tower
03:24 Ziggurat
05:48 Halls of the Dead
05:48 Halls of the Dead
06:06 Ziggurat
07:05 Crypt
07:08 Crypt
07:18 Ziggurat
09:05 Black Citadel
09:05 Black Citadel
10:41 Sacrificial Pit
11:00 Ziggurat
11:02 Ziggurat
20:52 Spirit Tower
20:52 Spirit Tower
» items
| Scroll of Protection | 1 | |
| Potion of Lesser Invulnerability | 3 | |
| Orb of Corruption | 1 | |
5 total
TheBloodMage (
orange | 56 APM | 2470 actions | 44:29)
5 Blademaster
3 Wind Walk
2 Critical Strike
» actions
| Assign group hotkey | 33 | |
| Basic commands | 227 | |
| Build / train | 86 | |
| ESC pressed | 15 | |
| Enter build submenu | 57 | |
| Enter hero's abilities submenu | 5 | |
| Give item / drop item | 4 | |
| Remove unit from queue | 1 | |
| Right click | 1004 | |
| Select / deselect | 351 | |
| Select group hotkey | 514 | |
| Use ability | 173 | |
2470 total
» units
» upgrades
| Berserker Strength | 1 | |
| Spiked Barricades | 3 | |
| Reinforced Defenses | 1 | |
| Envenomed Spears | 1 | |
| Ranged Weapons | 3 | |
| Armor | 3 | |
12 total
» buildings
| Orc Burrow | 5 | |
| Altar of Storms | 1 | |
| Barracks | 1 | |
| Voodoo Lounge | 1 | |
| Stronghold | 5 | |
| War Mill | 2 | |
| Watch Tower | 37 | |
| Fortress | 2 | |
| Beastiary | 3 | |
| Great Hall | 2 | |
59 total
» build order
00:14 Orc Burrow
00:42 Altar of Storms
00:54 Barracks
01:40 Orc Burrow
02:04 Voodoo Lounge
03:09 Stronghold
03:09 Stronghold
03:09 Stronghold
04:42 War Mill
06:34 Watch Tower
06:53 Fortress
06:53 Fortress
06:55 Beastiary
06:56 Beastiary
06:56 Beastiary
07:10 Watch Tower
07:16 Watch Tower
07:17 Watch Tower
08:49 Orc Burrow
08:50 Orc Burrow
10:03 Orc Burrow
13:41 Watch Tower
13:42 Watch Tower
13:43 Watch Tower
13:46 Watch Tower
13:55 Great Hall
14:28 Watch Tower
14:29 Watch Tower
14:36 Watch Tower
14:38 Watch Tower
14:41 Watch Tower
15:11 Great Hall
15:52 Watch Tower
16:05 Watch Tower
16:12 Watch Tower
16:14 Watch Tower
16:47 Watch Tower
17:11 Watch Tower
17:14 Watch Tower
17:27 War Mill
17:39 Watch Tower
18:45 Watch Tower
26:14 Watch Tower
26:15 Watch Tower
26:15 Watch Tower
26:16 Watch Tower
26:20 Watch Tower
26:22 Watch Tower
26:29 Watch Tower
26:30 Watch Tower
26:32 Watch Tower
26:33 Watch Tower
26:34 Watch Tower
26:42 Watch Tower
26:44 Watch Tower
27:47 Watch Tower
28:10 Watch Tower
» items
| Boots of Speed | 1 | |
| Healing Salve | 2 | |
| Lesser Clarity Potion | 5 | |
| Orb of Lightning | 1 | |
| Scroll of Town Portal | 1 | |
| Orb of Corruption | 1 | |
| Tiny Great Hall | 1 | |
12 total
SpunkBlaster (
blue | 50 APM | 2228 actions | 44:29)
8 Archmage
3 Summon Water Elemental
3 Brilliance Aura
1 Mass Teleport
1 Blizzard
» actions
| Assign group hotkey | 179 | |
| Basic commands | 294 | |
| Build / train | 79 | |
| Enter build submenu | 33 | |
| Enter hero's abilities submenu | 8 | |
| Give item / drop item | 8 | |
| Right click | 665 | |
| Select / deselect | 506 | |
| Select group hotkey | 329 | |
| Use ability | 127 | |
2228 total
» units
| Peasant | 12 | |
| Footman | 4 | |
| Rifleman | 13 | |
| Priest | 2 | |
31 total
» upgrades
| Long Rifles | 1 | |
| Gunpowder | 3 | |
| Armor | 3 | |
| Lumber Harvesting | 2 | |
| Masonry | 3 | |
| Priest Training | 2 | |
| Magic Sentry | 1 | |
| Swords | 1 | |
| Plating | 1 | |
| Animal War Training | 1 | |
18 total
» buildings
| Altar of Kings | 1 | |
| Barracks | 3 | |
| Farm | 6 | |
| Blacksmith | 2 | |
| Arcane Vault | 2 | |
| Keep | 1 | |
| Lumber Mill | 1 | |
| Town Hall | 2 | |
| Scout Tower | 12 | |
| Guard Tower | 2 | |
| Arcane Sanctum | 2 | |
| Castle | 1 | |
| Arcane Tower | 8 | |
43 total
» build order
00:40 Altar of Kings
00:50 Barracks
00:53 Farm
00:55 Farm
01:19 Farm
01:20 Farm
02:11 Blacksmith
02:39 Farm
03:22 Arcane Vault
04:47 Keep
06:11 Farm
06:15 Lumber Mill
08:37 Town Hall
09:11 Scout Tower
09:14 Scout Tower
09:19 Scout Tower
09:21 Scout Tower
09:26 Scout Tower
09:32 Arcane Vault
09:42 Blacksmith
10:26 Guard Tower
10:46 Arcane Sanctum
10:48 Arcane Sanctum
11:59 Castle
15:45 Scout Tower
16:33 Arcane Tower
17:23 Barracks
17:25 Barracks
27:10 Scout Tower
27:17 Town Hall
27:20 Scout Tower
27:21 Scout Tower
27:21 Scout Tower
27:22 Scout Tower
27:41 Arcane Tower
27:57 Scout Tower
28:14 Arcane Tower
28:15 Arcane Tower
28:17 Guard Tower
28:31 Arcane Tower
28:32 Arcane Tower
28:32 Arcane Tower
28:32 Arcane Tower
» items
| Scroll of Regeneration | 4 | |
| Scroll of Town Portal | 2 | |
| Potion of Healing | 1 | |
| Mechanical Critter | 2 | |
9 total

»
EXIT-Sign (
red | 42 APM | 1877 actions | 44:29)
4 Tauren Chieftain
2 War Stomp
2 Endurance Aura
3 Shadow Hunter
1 Hex
2 Healing Wave
» actions
| Assign group hotkey | 24 | |
| Basic commands | 14 | |
| Build / train | 61 | |
| Enter build submenu | 19 | |
| Enter hero's abilities submenu | 7 | |
| Give item / drop item | 1 | |
| Remove unit from queue | 1 | |
| Right click | 697 | |
| Select / deselect | 248 | |
| Select group hotkey | 748 | |
| Use ability | 57 | |
1877 total
» units
| Peon | 8 | |
| Grunt | 3 | |
| Wind Rider | 9 | |
| Shaman | 3 | |
| Demolisher | 4 | |
27 total
» upgrades
| Armor | 1 | |
| Ranged Weapons | 3 | |
| Shaman Training | 2 | |
| Envenomed Spears | 1 | |
| Liquid Fire | 1 | |
| Reinforced Defenses | 1 | |
| Burning Oil | 1 | |
10 total
» buildings
| Orc Burrow | 7 | |
| Altar of Storms | 1 | |
| Barracks | 1 | |
| Voodoo Lounge | 1 | |
| War Mill | 1 | |
| Stronghold | 2 | |
| Spirit Lodge | 1 | |
| Beastiary | 3 | |
| Fortress | 2 | |
| Watch Tower | 3 | |
22 total
» build order
00:21 Orc Burrow
00:24 Altar of Storms
00:43 Orc Burrow
01:38 Barracks
01:52 Voodoo Lounge
02:37 War Mill
04:17 Stronghold
04:18 Stronghold
04:57 Orc Burrow
05:47 Orc Burrow
06:49 Spirit Lodge
07:07 Beastiary
07:10 Beastiary
07:13 Beastiary
07:27 Fortress
08:45 Orc Burrow
10:45 Orc Burrow
12:26 Orc Burrow
21:00 Watch Tower
21:01 Watch Tower
21:03 Watch Tower
» items
| Healing Salve | 2 | |
| Boots of Speed | 2 | |
| Lesser Clarity Potion | 2 | |
| Scroll of Regeneration | 1 | |
7 total
Chat log
(00:17 / Allies) EXIT-Sign: units?
(00:23 / Allies) SpunkBlaster: rifles priests
(00:29 / Allies) SpunkBlaster: 1 knight
(00:32 / Allies) EXIT-Sign: grunts air
(00:33 / Allies) roflcopter.: feind mass
(00:53 / Allies) roflcopter.: 100
(01:11 / Allies) roflcopter.: assholes
(01:12 / Allies) SpunkBlaster: why not get a build that accomodates the gold you start with
(01:32 / Allies) roflcopter.: fuck off
(01:35 / Allies) SpunkBlaster: instead of expecting your team to sacrifice for you
(01:46 / Allies) roflcopter.: lol
(02:06 / Allies) roflcopter.: its just a 14 yearold strat that usually works
(03:01 / All) TheBloodMage: level 1 harassing piece of shit
(03:35 / All) masterofsex: lol
(04:09 / Allies) SpunkBlaster: back green
(04:16 / Allies) roflcopter.: ass
(04:22 / Allies) SpunkBlaster: I was bringing militia
(04:34 / Allies) roflcopter.: why do you assume you get all the creeps
(04:40 / Allies) TheBloodMage: you suck stfu
(04:52 / Allies) roflcopter.: lol
(04:54 / Allies) roflcopter.: me?
(04:59 / Allies) SpunkBlaster: I was alreay there and bringing militia
(05:12 / All) masterofsex: lvl 1 harrass piece of shit.....lol
(05:22 / All) TheBloodMage: well that's different I was going after a pendant of energy
(05:26 / All) TheBloodMage: creepjacking
(05:28 / All) TheBloodMage: not harassing
(05:32 / All) masterofsex: shut up
(05:42 / All) TheBloodMage: kill yourself
(05:47 / All) masterofsex: lol
(06:16 / All) masterofsex: bunch of pussies on bnet crying all the time...lmao
(07:42 / Allies) roflcopter.: cloke
(07:43 / Allies) roflcopter.: plz
(07:45 / Allies) SpunkBlaster: move
(08:59 / Allies) SpunkBlaster: fuck
(09:06 / Allies) SpunkBlaster: killed a tome
(09:08 / Allies) SpunkBlaster: from misaim lol
(11:06 / All) TheBloodMage: that's how you harass
(11:18 / All) masterofsex: ooooh....lol
(11:44 / All) masterofsex: thats how u harrass
(11:49 / All) TheBloodMage: ?
(11:49 / All) masterofsex: stfu faggot lol
(12:05 / Allies) SpunkBlaster: buy one and tp to me
(12:11 / Allies) SpunkBlaster: lumber?
(12:25 / Allies) roflcopter.: gold?
(13:09 / Allies) EXIT-Sign: time to go
(13:20 / Allies) SpunkBlaster: let's attack teal
(13:24 / Allies) SpunkBlaster: ez base
(13:34 / Allies) SpunkBlaster: this pathing is fucking garbage
(14:16 / Allies) TheBloodMage: wood
(14:53 / All) Sleep: gg
(14:58 / All) Sleep: if you see
(15:00 / All) Sleep: pnk
(15:02 / Allies) EXIT-Sign: hall
(15:03 / All) Sleep: just kill him
(15:13 / Allies) EXIT-Sign: hall
(15:22 / All) roflcopter.: wtf was yelo doing
(15:39 / All) SpunkBlaster: green trifling ass always in my way
(15:41 / Allies) TheBloodMage: wood
(15:55 / Allies) TheBloodMage: wood me
(16:08 / Allies) TheBloodMage: ty
(16:54 / Allies) EXIT-Sign: tp?
(17:12 / Allies) SpunkBlaster: lumber
(17:22 / All) masterofsex: nice towers pink noob lol
(18:47 / Allies) EXIT-Sign: mortor pls
(19:21 / All) SpunkBlaster: faggot lucky
(19:26 / Allies) EXIT-Sign: fuck u team kill
(19:56 / Allies) EXIT-Sign: blue is teamkill
(20:11 / Allies) TheBloodMage: wood me so I can help kill him
(20:26 / Allies) TheBloodMage: or not and he can kill you
(21:18 / All) EXIT-Sign: noob lvl
(21:20 / Allies) EXIT-Sign: 1
(21:33 / All) SpunkBlaster: WILD BUNCH
(22:13 / All) TheBloodMage: I am half asleep
(22:14 / Allies) EXIT-Sign: kill pls... i wont leave faggot
(22:18 / All) TheBloodMage: feels like I am about to lose conscious
(23:00 / Allies) EXIT-Sign: lol
(23:01 / Allies) EXIT-Sign: so noob
(23:06 / All) SpunkBlaster: WILD BUNCH
(23:09 / All) SpunkBlaster: TERROR OF THE BATTLE NETS!
(23:15 / Allies) EXIT-Sign: cant win by yrself?
(23:17 / Allies) EXIT-Sign: lol
(24:48 / Allies) SpunkBlaster: was gonna buy that orb someone already got it lel
(24:54 / Allies) roflcopter.: shot
(24:55 / Allies) TheBloodMage: I got it
(25:21 / Allies) TheBloodMage: 0-2 now green
(25:30 / Allies) roflcopter.: idc man
(26:27 / All) garfads: nice warrior items on ah
(26:37 / All) garfads: teal tked me cuz i took an item from him via tp staff
(26:40 / All) garfads: i knew he would bitch
(26:51 / All) roflcopter.: lol
(27:24 / All) garfads: red ur a nigger
(27:26 / All) garfads: did u know that
(27:32 / All) TheBloodMage: it's nice and rainy and windy outside
(27:36 / All) TheBloodMage: great night, supposed to rain all weekend
(27:44 / All) garfads: i wish i lived in canada
(27:50 / All) garfads: it was 76 F today
(27:52 / All) garfads: in feb
(27:53 / All) roflcopter.: 7 degrees here
(28:01 / All) TheBloodMage: about 7 degrees here too if you mean C
(28:58 / All) SpunkBlaster: trifling ass nikka
(29:10 / All) garfads: "exit-sign" is familiar
(29:12 / All) TheBloodMage: My bm has pro items'
(29:16 / All) garfads: there is also an exitmusic we faced too
(29:22 / All) TheBloodMage: pendant, +9 claws, orb of lightning and corruption, cloak of flames
(29:25 / All) garfads: we faced exit-sign like 3 yrs ago at least
(29:28 / All) TheBloodMage: if only I was awake enough to use it well
(31:28 / All) SpunkBlaster: holy fire is BS lol
(31:42 / All) TheBloodMage: inner fire?
(31:44 / All) SpunkBlaster: yeah
(31:51 / All) SpunkBlaster: +5 armor is nuts
(31:54 / All) SpunkBlaster: and it increases damage
(32:11 / All) TheBloodMage: if it was much lower it'd be useless, since +prot rings are just trash to be sold
(32:29 / All) TheBloodMage: should be another effect instead of armour
(32:35 / All) garfads: one day i still want to see a crypt lord with its armor passive, inner fire, 6 rings of protection, lich frost armor, anddevo3
(32:41 / All) garfads: has to be close to 40 armor
(32:46 / All) SpunkBlaster: well
(32:50 / All) SpunkBlaster: armor on all your units is good
(32:54 / All) SpunkBlaster: + 2 on hero ain't much
(32:59 / All) SpunkBlaster: but +2 on 20 rifles is a big deal
(33:01 / All) TheBloodMage: that's true
(33:02 / All) SpunkBlaster: but this is +5
(33:04 / All) SpunkBlaster: which is insane
(33:13 / All) SpunkBlaster: you pretty much are fucked vs inner fire army
(34:04 / All) SpunkBlaster: I hate mass griffs with inner fire
(34:11 / All) SpunkBlaster: It's fucking crazy
(34:56 / All) TheBloodMage: this is my last game of the night, i'm too tieed
(34:58 / All) TheBloodMage: tireed
(35:12 / All) garfads: yes
(35:44 / Allies) EXIT-Sign: lolz... lets lost the game bitches
(35:57 / All) TheBloodMage: u 1235-1296 now
(36:43 / All) garfads: we have ahistory with exit sign dating bakc to like 2010
(36:47 / All) TheBloodMage: They form ap erfect circle around the AM
(36:48 / All) SpunkBlaster: lol
(37:10 / All) TheBloodMage: late to unplug
(37:43 / All) EXIT-Sign: lolz
(38:07 / All) garfads: let me
(38:10 / All) garfads: look at archives
(38:14 / All) garfads: for exit sign
(38:28 / All) TheBloodMage: I have wc3 music on for once, it is way too epic for what is going on
(38:32 / All) TheBloodMage: orc drums and shit pounding
(38:51 / All) SpunkBlaster: it's the best vid game soundtrack
(39:14 / All) SpunkBlaster: arcanum's is good too
(39:45 / All) SpunkBlaster: have you played Arcanum yet
(39:53 / All) TheBloodMage: no
(39:56 / All) TheBloodMage: focusing on wl2 right now
(40:03 / All) SpunkBlaster: It's at least as good as WL2 if not better
(40:51 / All) garfads: well nothing concrete with him it was exit music i was thinking of
(41:05 / All) SpunkBlaster: I have 1300 gold worht of items
(41:10 / All) SpunkBlaster: really 2600
(42:12 / All) SpunkBlaster: It would have been cool if all races had same shops
(42:23 / All) TheBloodMage: Undead shops need a normal healing item
(42:25 / All) SpunkBlaster: and just called "traveling merchant" or gypsy merchant or some shit
(42:29 / All) TheBloodMage: that would make dk so much less necessary
(42:33 / All) SpunkBlaster: blight heals them
(42:37 / All) garfads: ud have blight for healing
(42:40 / All) TheBloodMage: it takes forever
(42:46 / All) TheBloodMage: coil is far faster
(42:46 / All) SpunkBlaster: At least it heals full
(42:55 / All) SpunkBlaster: human heal is pretty shitty when yo uget to tier 3
(42:58 / All) garfads: ever see a zombie heal?
(43:00 / All) TheBloodMage: unless you want to masturbate forever in your base you need healing item or coil
(43:13 / All) TheBloodMage: well you can staff heal shit at least
(43:19 / All) SpunkBlaster: I say that because human and ne orbs are trash
(43:20 / All) TheBloodMage: I do that with low hp t3 like gryphons
(43:22 / All) SpunkBlaster: and UD is the best
(43:28 / All) SpunkBlaster: orc is good for purge to stop
(43:37 / All) SpunkBlaster: But it's not even the most suitable orb for orc
(43:38 / All) garfads: ud 2nd
(43:45 / All) SpunkBlaster: It cancels hex
(43:50 / All) SpunkBlaster: UD is best
(43:52 / All) SpunkBlaster: For focus
(43:53 / All) garfads: u never get sh tho
(44:02 / All) SpunkBlaster: I'm not speaking for me
(44:05 / All) SpunkBlaster: But orc in general
(44:20 / All) garfads: lets end this red is being a dick